 Dungeon Crawl Stone Soup version 0.24-a0-652-g46ecf6d (webtiles) character file.

Game seed: 5420372613092097600, levelgen mode: deterministic

1318 JeffiDaFish the Covered (level 8, -7/53 HPs)
             Began as a Gargoyle Fighter on Sept 26, 2019.
             Was a Believer of Okawaru.
             Mangled by an orc warrior
             ... wielding a +0 glaive
              (9 damage)
             ... on level 6 of the Dungeon.
             The game lasted 00:08:47 (4519 turns).

JeffiDaFish the Covered (Gargoyle Fighter)          Turns: 4519, Time: 00:08:47

Health: -7/53      AC: 17    Str: 22    XL:     8   Next: 59%
Magic:  8/8        EV:  6    Int:  8    God:    Okawaru [**....]
Gold:   81         SH: 11    Dex: 10    Spells: 7/7 levels left

rFire    . . .     SeeInvis .   a - +1 flail
rCold    . . .     Gourm    .   c - +1 shield
rNeg     + . .     Faith    .   n - +0 chain mail
rPois    ∞         Spirit   .   (no helmet)
rElec    +         Reflect  .   l - +0 cloak
rCorr    .         Harm     .   (no gloves)
MR       .....                  (no boots)
Stlth    ..........             (no amulet)
HPRegen  0.17/turn              (no ring)
MPRegen  0.11/turn              (no ring)

@: no status effects
A: negative energy resistance 1, electricity resistance, unbreathing,
petrification resistance, rot immunity, AC +5
a: Heroism, Renounce Religion


You were on level 6 of the Dungeon.
You worshipped Okawaru.
Okawaru was pleased with you.
You were not hungry.

You visited 2 branches of the dungeon, and saw 7 of its levels.

You collected 351 gold pieces.
You spent 270 gold pieces at shops.

Inventory:

Hand Weapons
 a - a +1 flail (weapon)
 m - a +2 whip of draining
 t - the +6 whip of Disaster {pain, +Rage MR- SInv}
   (You found it on level 5 of the Dungeon)

   In the hands of one skilled in necromantic magic, it inflicts extra damage on
   living creatures.
   It affects your resistance to hostile enchantments.
   It lets you see invisible.
   It lets you go berserk.
Armour
 c - a +1 shield (worn)
 k - a scarf of spirit shield
 l - a +0 cloak (worn)
 n - a +0 chain mail (worn)
Wands
 g - a wand of acid (5)
 u - a wand of enslavement (7)
Scrolls
 b - a scroll of enchant armour
 e - a scroll of teleportation
 i - a scroll of remove curse
 j - a scroll of fog
 r - 6 scrolls of identify
Potions
 d - a potion of might
 o - a potion of heal wounds
 p - a potion of curing
 q - a potion of haste {unknown}
 s - a potion of agility
Comestibles
 f - 12 rations
 v - 3 chunks of flesh


   Skills:
 * Level 7.2 Fighting
 + Level 4.3 Maces & Flails
 * Level 7.3 Armour
 + Level 5.6 Shields


You had 7 spell levels left.
You didn't know any spells.
Your spell library was empty.

Dungeon Overview and Level Annotations

Branches:
Dungeon (6/15)             Temple (1/1) D:4

Altars:
Cheibriados
Dithmenos
Elyvilon
Fedhas
Kikubaaqudgha
Makhleb
Okawaru
Qazlal
Ru
Xom
Zin

Shops:
D:5 [


Innate Abilities, Weirdness & Mutations

You are resistant to torment.
Your stone body is resilient. (AC +5)
You are immune to poison.
You resist negative energy. (rN+)
You are resistant to electric shocks. (rElec)
You can survive without breathing.
You are immune to petrification.
You are immune to rotting.


Message History

You closely miss the orc warrior.
The orc warrior is severely wounded.
The orc hits you but does no damage.
The orc warrior hits you with a +0 glaive!
The orc hits you but does no damage.
You barely miss the orc warrior.
The orc warrior is severely wounded.
The orc warrior hits you with a +0 glaive!
* * * LOW HITPOINT WARNING * * *
You block the orc's attack.
You hit the orc warrior.
The orc warrior is severely wounded.
You block the orc's attack.
The orc warrior hits you with a +0 glaive!
* * * LOW HITPOINT WARNING * * *
You barely miss the orc warrior.
The orc warrior is severely wounded.
The orc hits you but does no damage.
The orc warrior hits you with a +0 glaive!
You die...

............###
.....##.......#####..
....###........#....
....#...##.........# #.
.........##........##...
..........###.....%....#
.#........###...........
#<....)#.#.####oo......
.#..............@.......
.............##.........
##......................
#.......................
#.......................
#............#..........
...#........##...#......
..########.##...###.....
.. ..


You could see an orc warrior and an orc.

Vanquished Creatures
  Purgy (D:3)
  A sky beast (D:5)
  2 ogres (D:4)
  A phantom (D:3)
  An ice beast (D:6)
  A scorpion (D:4)
  2 crimson imps
  A bullfrog zombie (D:5)
  A hound (D:5)
  2 orc priests (D:5)
  5 orc wizards
  Natasha (twice) (D:3)
  4 worker ants
  A hound skeleton (D:3)
  10 adders
  An ooze (D:1)
  2 adder skeletons (D:4)
  2 worms (D:3)
  5 dart slugs
  4 leopard geckos
  28 orcs
  7 bats
  3 giant cockroaches
  8 goblins
  3 hobgoblins
  4 jackals
  A quokka (D:4)
  A ball python (D:4)
  A ball python skeleton (D:4)
  9 kobolds
  A quokka zombie (D:5)
  13 rats
128 creatures vanquished.

Notes
Turn   | Place    | Note
-------+----------+-------------------------------------------
     0 | D:1      | JeffiDaFish the Gargoyle Fighter began the quest for the
                  | Orb.
     0 | D:1      | Reached XP level 1. HP: 14/14 MP: 1/1
    73 | D:1      | Reached XP level 2. HP: 15/19 MP: 2/2
   432 | D:1      | Reached XP level 3. HP: 19/23 MP: 3/3
   970 | D:2      | Found a stormy altar of Qazlal.
   973 | D:2      | Found a shimmering altar of Xom.
   973 | D:2      | Found a sacrificial altar of Ru.
  1019 | D:2      | Reached XP level 4. HP: 28/29 MP: 2/4
  1027 | D:2      | Found a white marble altar of Elyvilon.
  1451 | D:2      | Found an ancient bone altar of Kikubaaqudgha.
  1454 | D:2      | Found a blossoming altar of Fedhas.
  1746 | D:3      | Noticed Purgy
  1777 | D:3      | Killed Purgy
  1777 | D:3      | Reached XP level 5. HP: 28/34 MP: 5/5
  1976 | D:3      | Reached XP level 6. HP: 40/40 MP: 6/6
  1982 | D:3      | Found a shadowy altar of Dithmenos.
  2110 | D:3      | Reached skill level 5 in Armour
  2144 | D:3      | Noticed a phantom
  2185 | D:3      | Killed a phantom
  2185 | D:3      | Reached skill level 5 in Fighting
  2201 | D:3      | Noticed Natasha
  2205 | D:3      | Killed Natasha
  2284 | D:3      | Noticed Natasha
  2290 | D:3      | Killed Natasha
  2675 | D:4      | Found a staircase to the Ecumenical Temple.
  2681 | Temple   | Entered the Ecumenical Temple
  2687 | Temple   | Became a worshipper of Warmaster Okawaru
  2826 | D:4      | Reached XP level 7. HP: 41/44 MP: 7/7
  3117 | D:4      | Reached * piety under Okawaru
  3117 | D:4      | Reached skill level 5 in Shields
  3628 | D:5      | Entered Level 5 of the Dungeon
  3773 | D:5      | Reached XP level 8. HP: 44/52 MP: 8/8
  3801 | D:5      | Got a jewelled whip
  3802 | D:5      | Identified the +6 whip of Disaster {pain, +Rage MR- SInv}
                  | (You found it on level 5 of the Dungeon)
  4198 | D:5      | Found Huotsoul's Antique Armour Shoppe.
  4205 | D:5      | Bought a dazzling scale mail for 270 gold pieces
  4205 | D:5      | Identified the +1 scale mail "Azihuorgh" {rC- rN+ Regen+
                  | Int+4} (You bought it in a shop on level 5 of the Dungeon)
  4477 | D:6      | Reached ** piety under Okawaru
  4518 | D:6      | HP: 2/53 [orc warrior/+0 glaive (12)]
  4519 | D:6      | Mangled by an orc warrior

Levels and vault maps discovered:
D:1:      dpeg_arrival_short_road, layout_basic
D:2:      layout_loops_ring, grunt_temple_overflow_growth_and_decay,
          overflow_temple_1_default, chequers_temple_overflow_statue_of_worship,
          first_ration, elyvilon_altar_5
D:3:      layout_loops_ring, nicolae_dithmenos_shadow_blocks, uniq_natasha,
          uniq_purgy
D:4:      layout_basic, minmay_temple_entry_tees, serial_bayou_pond_e,
          hangedman_abyss_or_decor_slice
D:5:      layout_basic, serial_shops, nicolae_shop_stone
D:6:      layout_cave_pools, ebering_ghost_sewer_d
Temple:   eino_temple_rhombus

Skill      XL: |  1  2  3  4  5  6  7  8 |
---------------+-------------------------+-----
Armour         | 4 5 6 7 |  7.3
Fighting       | 4 5 6 7 |  7.2
Shields        | 4 5 |  5.6
Maces & Flails | 3 4 |  4.3

Action                   |  1- 3 |  4- 6 |  7- 9 || total
-------------------------+-------+-------+-------++-------
Melee: Flail             |    87 |   105 |   233 ||   425
       Whip              |    17 |   113 |       ||   130
  Use: Scroll            |     1 |     8 |     3 ||    12
       Potion            |     1 |     3 |       ||     4
  Eat: Chunk             |       |     6 |     7 ||    13
Armor: Scale mail        |    66 |   118 |    11 ||   195
       Chain mail        |       |       |   126 ||   126
Dodge: Dodged            |    33 |    71 |    55 ||   159
Block: Shield            |    52 |   119 |   172 ||   343

Table legend:
 A = Non-vault XP
 B = Vault XP
 C = Vault XP percentage of total XP
 D = Non-vault monster count
 E = Vault monster count
 F = Vault count percentage of total count
                 A         B        C        D         E       F
            +---------+---------+-------+---------+---------+-------
      Total |    1711 |     173 |   9.2 |     126 |       2 |   1.6
            +---------+---------+-------+---------+---------+-------
        D:1 |      55 |       0 |   0.0 |      29 |       0 |   0.0
        D:2 |      76 |       0 |   0.0 |      17 |       0 |   0.0
        D:3 |     257 |     173 |  40.2 |      24 |       2 |   7.7
        D:4 |     445 |       0 |   0.0 |      23 |       0 |   0.0
        D:5 |     664 |       0 |   0.0 |      30 |       0 |   0.0
        D:6 |     214 |       0 |   0.0 |       3 |       0 |   0.0
            +---------+---------+-------+---------+---------+-------
